 Dungeon Crawl Stone Soup version 0.28.0-43-g3370ac3207 (webtiles) character file.

Game seed: 4817867725185576179

20 Ablot the Grasshopper (level 2, -1/26 HPs)
             Began as a Gnoll Warper on Mar 16, 2022.
             Slain by a gnoll
             ... wielding a +0 flail
              (8 damage)
             ... on level 2 of the Dungeon.
             The game lasted 00:01:13 (671 turns).

Ablot the Grasshopper (Gnoll Warper)                 Turns: 671, Time: 00:01:13

Health: -1/26      AC:  3    Str: 10    XL:     2   Next: 79%
Magic:  7/7        EV: 12    Int: 12    God:
Gold:   25         SH:  0    Dex: 11    Spells: 8/10 levels left

rFire   . . .      SeeInvis .   a - +0 spear
rCold   . . .      Faith    .   (no shield)
rNeg    . . .      Spirit   .   b - +0 leather armour
rPois   .          Reflect  .   (no helmet)
rElec   .          Harm     .   (no cloak)
rCorr   .          Rampage  .   (no gloves)
Will    .....                   (no boots)
Stlth   +.........              (no amulet)
HPRegen 0.08/turn               (no ring)
MPRegen 0.10/turn               (no ring)

@: no status effects
A: fangs 1, strong nose, distributed training
a: no special abilities


You were on level 2 of the Dungeon.
You visited 1 branch of the dungeon, and saw 2 of its levels.

You collected 47 gold pieces.
You spent 22 gold pieces at shops.

Inventory:

Hand Weapons
 a - a +0 spear (weapon)
Missiles
 d - 5 boomerangs of dispersal
 f - 39 stones (quivered)
Armour
 b - a +0 leather armour (worn)
Magical Staves
 i - a staff of poison
Scrolls
 c - a scroll of blinking
 e - a scroll of magic mapping {unknown}
 h - a scroll of brand weapon {unknown}
Potions
 g - a potion of heal wounds {unknown}
 j - a potion of attraction {unknown}


   Skills:
 + Level 4.5 Fighting
 + Level 0.5 Short Blades
 + Level 0.5 Long Blades
 + Level 0.5 Axes
 + Level 0.5 Maces & Flails
 + Level 4.5 Polearms
 + Level 0.5 Staves
 + Level 0.5 Slings
 + Level 0.5 Bows
 + Level 0.5 Crossbows
 + Level 2.5 Throwing
 + Level 2.5 Armour
 + Level 4.5 Dodging
 + Level 0.5 Stealth
 + Level 0.5 Shields
 + Level 0.5 Unarmed Combat
 + Level 4.9 Spellcasting
 + Level 0.3 Conjurations
 + Level 0.3 Hexes
 + Level 0.3 Summonings
 + Level 0.3 Necromancy
 + Level 5.3 Translocations
 + Level 0.3 Transmutations
 + Level 0.3 Fire Magic
 + Level 0.3 Ice Magic
 + Level 0.3 Air Magic
 + Level 0.3 Earth Magic
 + Level 0.3 Poison Magic
 + Level 0.6 Invocations
 + Level 0.5 Evocations


You had 8 spell levels left.
You knew the following spells:

 Your Spells              Type           Power      Damage    Failure   Level
a - Blink                 Tloc           30%        N/A       4%          2

Your spell library contained the following spells:

 Spells                   Type           Power      Damage    Failure   Level
 Gell's Gravitas          Tloc           15%        N/A       9%          3
 Lesser Beckoning         Tloc           15%        N/A       9%          3
 Teleport Other           Tloc           15%        N/A       9%          3
 Manifold Assault         Tloc           15%        N/A       63%         5


Dungeon Overview and Level Annotations

Branches:
Dungeon (2/15)

Altars:

Shops:
D:1 *

Annotations:
D:2 Sigmund


Innate Abilities, Weirdness & Mutations

You have very sharp teeth.
Your uncanny sense of smell can sniff out nearby items.
Your experience applies equally to all skills.


Message History

You throw a stone.
The stone hits the gnoll but does no damage.
An adder comes into view.
Throw: 41 stones
Press: ? - help, Q - select action, (/) - cycle Shift-Dir - straight line, f/p - gnoll
Aim: a gnoll, wielding a +0 spear (63% to hit)
You throw a stone. The stone barely misses the gnoll.
The adder hisses angrily.
Unknown command.
Throw: 40 stones
Press: ? - help, Q - select action, (/) - cycle Shift-Dir - straight line, f/p - gnoll
Aim: a gnoll, wielding a +0 spear (63% to hit)
You throw a stone. The stone barely misses the gnoll.
The gnoll closely misses you.
Unknown command.
You hit the rat.
The rat is heavily wounded.
The gnoll hits you from afar with a +0 spear.
The rat bites you.
Unknown command.
You closely miss the rat.
The rat is heavily wounded.
Unknown command.
You closely miss the rat.
The rat is heavily wounded.
The rat bites you but does no damage. The gnoll closely misses you.
Unknown command.
You hit the rat.
You kill the rat!
The gnoll barely misses you.
Unknown command.
Reach: a) +0 spear
Press: ? - help, Dir - move target, f/p - gnoll
Aim: a gnoll, wielding a +0 spear (about 34% to evade your +0 spear)
You reach to attack!
You hit the gnoll.
The gnoll is heavily wounded.
The gnoll hits you from afar with a +0 spear!
* * * LOW HITPOINT WARNING * * *
The gnoll hits you with a +0 flail!
You die...

.. #+#..
##..... .......
##.......
#........
#........
#@...?...
.....gg#.......
.....gS #######
....... ...(...
......# ......
S.(...


You could see 3 gnolls and 2 adders.

Vanquished Creatures
  4 ball pythons (D:1)
  2 endoplasms (D:1)
  2 goblins (D:1)
  2 hobgoblins (D:1)
  A quokka (D:1)
  3 bats (D:1)
  A frilled lizard (D:1)
  A kobold (D:1)
  3 rats
19 creatures vanquished.

Notes
Turn   | Place    | Note
-------+----------+-------------------------------------------
     0 | D:1      | Ablot the Gnoll Warper began the quest for the Orb.
     0 | D:1      | Reached XP level 1. HP: 20/20 MP: 6/6
   123 | D:1      | Found Koentiz's Assorted Antiques.
   211 | D:1      | Reached XP level 2. HP: 26/26 MP: 7/7
   214 | D:1      | Learned a level 2 spell: Blink
   367 | D:1      | Found a faded altar of an unknown god.
   590 | D:1      | Bought a cyan potion for 22 gold pieces
   602 | D:2      | Noticed Sigmund
   671 | D:2      | Slain by a gnoll

Illustrated notes

Levels and vault maps discovered:
D:1:      lemuel_arrival_broad_hall, layout_rooms, serial_shops,
          nicolae_shop_crystal, nicolae_ecumenical_snake_handling
D:2:      layout_basic, st_stairs_11, uniq_sigmund, uniq_natasha

Action                   || total
-------------------------++-------
Melee: Spear             ||    58
       Bite              ||     4
Throw: Stone             ||     4
 Stab: Sleeping          ||     1
Armor: Leather armour    ||    10
Dodge: Dodged            ||    24
